 Dungeon Crawl Stone Soup version 0.23.2-33-g5129a83184 (webtiles) character file.

Game seed: 18018829183412636278

1096 DorianNounverber the Digger (level 8, -9/48 HPs)
             Began as a Gargoyle Earth Elementalist on July 20, 2019.
             Killed by divine providence
             ... invoked by an orc priest
              (17 damage)
             ... on level 8 of the Dungeon.
             The game lasted 00:18:51 (5593 turns).

DorianNounverber the Digger (GrEE)                  Turns: 5593, Time: 00:18:53

Health: -9/48      AC: 10    Str: 12    XL:     8   Next: 31%
Magic:  2/15       EV: 13    Int: 18    God:
Gold:   299        SH:  0    Dex: 10    Spells: 4/17 levels left

rFire    . . .     SeeInvis .   x - +0 flail
rCold    . . .     Gourm    .   (no shield)
rNeg     + . .     Faith    .   c - +0 robe
rPois    ∞         Spirit   .   (no helmet)
rElec    +         Reflect  .   n - +1 cloak
rCorr    .         Harm     .   w - +0 pair of gloves
MR       .....                  (no boots)
Stlth    ++........             (no amulet)
HPRegen  0.16/turn              (no ring)
MPRegen  0.14/turn              (no ring)

@: no status effects
A: negative energy resistance 1, electricity resistance, unbreathing,
petrification resistance, rot immunity, AC +5
a: no special abilities


You were on level 8 of the Dungeon.
You were not hungry.

You visited 1 branch of the dungeon, and saw 7 of its levels.

You collected 299 gold pieces.

Inventory:

Hand Weapons
 g - a +0 dagger
 s - a +0 hand axe of distortion
 x - a +0 flail (weapon)
Missiles
 b - 134 stones (quivered)
 p - a throwing net
Armour
 c - a +0 robe (worn)
 n - a +1 cloak (worn)
 w - a +0 pair of gloves (worn)
Wands
 C - a wand of paralysis (4)
Scrolls
 a - 8 scrolls of identify
 h - a scroll of fog {unknown}
 j - 3 scrolls of amnesia {unknown}
 m - a scroll of enchant armour {unknown}
 o - 3 scrolls of remove curse
 q - 2 scrolls of teleportation {unknown}
 r - a scroll of noise {unknown}
 t - a scroll of enchant weapon {unknown}
 y - a scroll of blinking {unknown}
 B - a scroll of random uselessness {unknown}
Potions
 e - a potion of resistance {unknown}
 f - 3 potions of haste {unknown}
 i - a potion of might {unknown}
 k - a potion of curing {unknown}
 l - a potion of brilliance {unknown}
 u - 2 potions of heal wounds {unknown}
 v - 4 potions of lignification {unknown}
 z - a potion of cancellation {unknown}
 A - 2 potions of degeneration {unknown}
Comestibles
 d - 11 rations


   Skills:
 + Level 3.7 Fighting
 + Level 3.3 Dodging
 - Level 2.1 Stealth
 * Level 5.1 Spellcasting
 + Level 3.1 Conjurations
 - Level 0.7 Transmutations
 * Level 7.2 Earth Magic


You had 4 spell levels left.
You knew the following spells:

 Your Spells              Type           Power        Failure   Level  Hunger
a - Sandblast             Erth           ####..       1%          1    None
b - Stone Arrow           Conj/Erth      ###...       4%          3    ##.....
c - Petrify               Tmut/Erth      ###.....     26%         4    ####...
d - Lee's Rapid Deconstr  Erth           ####......   19%         5    ######.

Your spell library contained the following spells:

 Spells                   Type           Power        Failure   Level  Hunger
 Passwall                 Tmut/Erth      ###.....     3%          2    #......
 Confusing Touch          Hex            #.....       13%         1    None
 Confuse                  Hex            #.......     36%         3    ##.....
 Gell's Gravitas          Tloc           #.........   36%         3    ##.....
 Yara's Violent Unravell  Hex/Tmut       #.........   97%         5    ######.
 Metabolic Englaciation   Hex/Ice        #.........   98%         5    ######.


Dungeon Overview and Level Annotations

Branches:
Dungeon (6/15)
 Temple: D:4-7

Altars:
Fedhas
Hepliaklqana
Wu Jian


Innate Abilities, Weirdness & Mutations

You are resistant to torment.
Your stone body is resilient. (AC +5)
You are immune to poison.
You resist negative energy. (rN+)
You are resistant to electric shocks. (rElec)
You can survive without breathing.
You are immune to petrification.
You are immune to rotting.


Message History

The orc warrior is almost dead.
The orc barely misses you. The orc warrior completely misses you.
You hit the orc warrior.
The orc warrior is almost dead.
The orc closely misses you.
The orc warrior hits you with a +0 short sword.
* * * LOW HITPOINT WARNING * * *
You hit the orc warrior.
The orc warrior is almost dead.
The orc hits you but does no damage. The orc warrior barely misses you.
The orc hits you with a cursed -3 whip.
* * * LOW HITPOINT WARNING * * *
The orc warrior barely misses you.
You hit the orc warrior but do no damage.
The orc warrior is almost dead.
The orc barely misses you.
The orc warrior hits you but does no damage.
The orc priest invokes the aid of Beogh against you.
Beogh smites you!
You die...

#..##... #....... ####.......
..# .......... ... .o# #####
#........ ..%...#
#.....##....########....o.#
#.....'.....#.......... ..#
#.....#.....#......... ..#
########...@#.....o.####'# ...
#.....##...oo.o.†...#....#
.....#...........#)......'....#
.....#...........#.[.....#....#
.....#...........#.......######
.....#...........#.......#
.....####†###....#.......#
............######..(....######
>...........# #.......#....#


You could see an orc warrior, an orc priest and an orc.

Vanquished Creatures
  A wyvern (D:8)
  A water moccasin (D:3)
  An ogre (D:5)
  2 centaurs (D:5)
  A crimson imp (D:5)
  2 jellies (D:5)
  A gnoll shaman (D:6)
  2 orc priests
  Jessica (D:3)
  An iguana (D:4)
  4 worker ants
  6 gnolls
  A howler monkey skeleton (D:5)
  7 adders
  An ooze (D:2)
  A worm (D:2)
  2 dart slugs (D:1)
  A leopard gecko (D:4)
  20 orcs
  A ball python (D:1)
  5 giant cockroaches
  10 goblins
  10 hobgoblins
  2 jackals (D:1)
  5 quokkas
  6 bats
  4 frilled lizards
  A giant cockroach zombie (D:2)
  A jackal skeleton (D:4)
  7 kobolds
  A quokka zombie (D:5)
  7 rats
116 creatures vanquished.

Notes
Turn   | Place    | Note
-------+----------+-------------------------------------------
     0 | D:1      | DorianNounverber the Gargoyle Earth Elementalist began the
                  | quest for the Orb.
     0 | D:1      | Reached XP level 1. HP: 10/10 MP: 3/3
   361 | D:1      | Reached XP level 2. HP: 15/16 MP: 0/5
   478 | D:1      | Reached skill level 4 in Earth Magic
  1077 | D:1      | Reached skill level 1 in Fighting
  1077 | D:1      | Reached XP level 3. HP: 20/20 MP: 6/6
  1082 | D:1      | Learned a level 3 spell: Stone Arrow
  1406 | D:2      | Reached XP level 4. HP: 10/25 MP: 5/8
  1412 | D:2      | Learned a level 4 spell: Petrify
  2300 | D:3      | Noticed Jessica
  2300 | D:3      | Noticed a water moccasin
  2315 | D:3      | Killed Jessica
  2315 | D:3      | Reached skill level 5 in Earth Magic
  2315 | D:3      | Reached XP level 5. HP: 29/30 MP: 5/9
  2321 | D:3      | Killed a water moccasin
  2321 | D:3      | Reached skill level 1 in Conjurations
  2321 | D:3      | Reached XP level 6. HP: 31/35 MP: 3/11
  2411 | D:3      | Found a faded altar of an unknown god.
  2727 | D:3      | Found a hazy altar of Hepliaklqana.
  2727 | D:3      | Found a blossoming altar of Fedhas.
  3592 | D:4      | Reached XP level 7. HP: 28/40 MP: 1/13
  3603 | D:4      | Learned a level 5 spell: Lee's Rapid Deconstruction
  3758 | D:5      | Entered Level 5 of the Dungeon
  3774 | D:5      | Reached skill level 6 in Earth Magic
  3979 | D:5      | Got a jewelled scale mail
  3990 | D:5      | Identified the cursed +1 scale mail "Vifuluku" {*Corrode
                  | rN++ Regen+} (You found it on level 5 of the Dungeon)
  5167 | D:6      | Found an ornate altar of the Wu Jian Council.
  5326 | D:6      | Reached XP level 8. HP: 46/46 MP: 12/15
  5408 | D:6      | You fall through a shaft for 2 floors!
  5435 | D:8      | Noticed a wyvern
  5442 | D:8      | Killed a wyvern
  5442 | D:8      | Reached skill level 5 in Spellcasting
  5442 | D:8      | Reached skill level 7 in Earth Magic
  5593 | D:8      | Killed from afar by an orc priest

Skill      XL: |  1  2  3  4  5  6  7  8 |
---------------+-------------------------+-----
Earth Magic    | 4 5 6 7 |  7.2
Fighting       | 1 2 3 |  3.7
Dodging        | 2 3 |  3.3
Spellcasting   | 3 4 5 |  5.1
Conjurations   | 1 2 3 |  3.1
Stealth        | |  2.1
Transmutations | |  0.7

Action                   |  1- 3 |  4- 6 |  7- 9 || total
-------------------------+-------+-------+-------++-------
Melee: Unarmed           |    28 |       |       ||    28
       Dagger            |    92 |   152 |       ||   244
       Flail             |       |     5 |    59 ||    64
 Cast: Sandblast         |    17 |    43 |    42 ||   102
       Stone Arrow       |       |    23 |    14 ||    37
  Use: Scroll            |       |       |     2 ||     2
 Stab: Sleeping          |     4 |       |       ||     4
  Eat: Chunk             |     2 |     8 |     5 ||    15
       Ration            |       |       |     1 ||     1
Armor: Robe              |    56 |    55 |    35 ||   146
Dodge: Dodged            |    89 |   109 |    69 ||   267
